 Dungeon Crawl Stone Soup version 0.31-a0-202-g547052bce9 (webtiles) character file.

Game seed: 16186191103466378385

443 qw the Skirmisher (level 6, -1/36 HPs)
             Began as a Deep Elf Hunter on June 26, 2023.
             Slain by Pikel
             ... wielding a +0 whip of flaming
              (7 damage)
             ... on level 4 of the Dungeon.
             The game lasted 00:01:00 (2389 turns).

qw the Skirmisher (Deep Elf Hunter)                 Turns: 2389, Time: 00:01:01

Health: -1/36      AC: 11    Str: 13    XL:     6   Next: 71%
Magic:  8/8        EV: 11    Int: 23    God:
Gold:   157        SH:  0    Dex: 24    Spells: 5/5 levels left

rFire   x . .        Y - +1 shortbow (drain)
rCold   + . .        (shield currently unavailable)
rNeg    . . .        f - +0 scale mail
rPois   .            a - +1 helmet of Sloth {rF- Str+3 Int+4 SInv}
rElec   .            j - +1 cloak
rCorr   +            (no gloves)
SInv    +            i - +0 pair of boots
Will    .....        (no amulet)
Stlth   +            m - ring of protection from cold
HPRegen 0.26/turn    d - ring of Ycuynol {Will- rCorr Int+5 Dex+6 Slay+3}
MPRegen 0.11/turn

%: no passive effects
@: about to teleport
A: no striking features
a: no special abilities


You were on level 4 of the Dungeon.
You visited 1 branch of the dungeon, and saw 4 of its levels.

You collected 157 gold pieces.


   Skills:
 - Level 2.6 Fighting
 + Level 9.0 Ranged Weapons
 - Level 1.9 Armour
 - Level 3.6 Dodging
 - Level 1.2 Stealth


You had 5 spell levels left.
You didn't know any spells.
Your spell library was empty.

Inventory:

Hand Weapons
 Y - a +1 shortbow of draining (weapon)
Armour
 a - the +1 helmet of Sloth (worn) {rF- Str+3 Int+4 SInv}
   (You acquired it on level 1 of the Dungeon)

   Str:       It affects your strength (+3).
   Int:       It affects your intelligence (+4).
   rF:        It makes you vulnerable to fire.
   SInv:      It lets you see invisible.
 b - the +2 hat of Utirph {rElec Int+8 Dex-5 SInv}
   (You found it on level 2 of the Dungeon)

   Int:       It affects your intelligence (+8).
   Dex:       It affects your dexterity (-5).
   rElec:     It insulates you from electricity.
   SInv:      It lets you see invisible.
 f - a +0 scale mail (worn)
 i - a +0 pair of boots (worn)
 j - a +1 cloak (worn)
 k - a +0 helmet
Jewellery
 d - the ring of Ycuynol (right hand) {Will- rCorr Int+5 Dex+6 Slay+3}
   (You acquired it on level 1 of the Dungeon)

   [ring of dexterity]

   Int:       It affects your intelligence (+5).
   Dex:       It affects your dexterity (+6).
   Slay:      It affects your accuracy & damage with ranged weapons and melee
   (+3).
   rCorr:     It protects you from acid and corrosion.
   Will:      It decreases your willpower.
 m - a ring of protection from cold (left hand)
Scrolls
 g - a scroll of identify
 s - a scroll of teleportation
Potions
 h - a potion of cancellation
 l - 2 potions of might
 n - a potion of degeneration {unknown}

Dungeon Overview and Level Annotations

Branches:
Dungeon (4/15)
 Temple: D:4-7

Altars:
Vehumet

Annotations:
D:4 Pikel


Message History

The lemure is heavily wounded.
You shoot an arrow. The arrow hits the lemure.
The lemure is severely wounded.
The lemure barely misses you. The lemure hits you but does no damage.
You shoot an arrow. The arrow hits the lemure!
You kill the lemure!
That felt strangely unrewarding.
The lemure hits you. x2
You shoot an arrow. The arrow closely misses the lemure.
The arrow closely misses Pikel.
Pikel cracks his whip.
The lemure hits you but does no damage. The lemure misses you.
You shoot an arrow. The arrow hits the lemure.
The lemure is heavily wounded.
The lemure hits you but does no damage.
Pikel hits you with a +0 whip of flaming.
Pikel burns you. The lemure hits you but does no damage.
You shoot an arrow. The arrow hits the lemure.
The lemure is heavily wounded.
The lemure closely misses you.
Pikel hits you with a +0 whip of flaming.
Pikel burns you. The lemure barely misses you.
You shoot an arrow. The arrow hits the lemure.
The lemure is severely wounded.
The lemure closely misses you.
Pikel hits you with a +0 whip of flaming.
Pikel burns you. The lemure hits you.
You shoot an arrow. The arrow hits the lemure!
You kill the lemure!
That felt strangely unrewarding.
Pikel closely misses you. The lemure hits you but does no damage.
You shoot an arrow. The arrow hits Pikel!
Pikel is moderately wounded.
Pikel hits you but does no damage. The lemure hits you.
The dart slug barely misses you.
2389 ||| READING 2 scrolls of teleportation.
As you read the scroll of teleportation, it crumbles to dust.
You feel strangely unstable.
Pikel hits you with a +0 whip of flaming!
You die...

###......# ..)......#
###......# #......#
#......# ##### #......#
#...# ###......# #...#
#........###...#########
................@K5....>
#.#.########...#w5......
#'#........'............
.....#######...#####.#..
.....##.......<..... # .
.....##........#####
...................
#+##.##......######
#.##.........


You could see Pikel, 2 lemures and a dart slug.

Vanquished Creatures
  A black bear (D:4)
  An ice beast (D:3)
  2 lemures (D:4)
  A jelly (D:3)
  Ijyb (D:3)
  Natasha (thrice) (D:3)
  Robin (D:2)
  A gnoll (D:1)
  An adder (D:2)
  2 worms (D:2)
  2 dart slugs
  An orc (D:3)
  5 endoplasms
  3 giant cockroaches
  15 goblins
  14 hobgoblins
  3 jackals (D:3)
  7 kobolds
  3 quokkas (D:1)
  6 ball pythons
  2 bats
  3 frilled lizards (D:1)
  6 rats
84 creatures vanquished.

Notes
Turn   | Place    | Note
-------+----------+-------------------------------------------
     0 | D:1      | qw the Deep Elf Hunter began the quest for the Orb.
     0 | D:1      | Reached XP level 1. HP: 12/12 MP: 3/3
     0 | D:1      | 0 ||| qw: Version: 0.3-a-22-g0ed2b0b
     0 | D:1      | 0 ||| qw: Game counter: 6171
     0 | D:1      | 0 ||| qw: Melee chars always use a shield: true
     0 | D:1      | 0 ||| qw: God list: Okawaru
     0 | D:1      | 0 ||| qw: Allow faded altars: false
     0 | D:1      | 0 ||| qw: Do Orc after clearing Dungeon:15 true
     0 | D:1      | 0 ||| qw: Do second Lair branch before Depths: true
     0 | D:1      | 0 ||| qw: Lair rune preference: random
     0 | D:1      | 0 ||| qw: Goals: Normal
     0 | D:1      | 0 ||| PLANNING D:1-11
    17 | D:1      | 17 ||| Stepping ~*~*~tactically~*~*~ (outnumbered).
    29 | D:1      | HP: 2/12 [quokka (3)]
   118 | D:1      | Reached XP level 2. HP: 16/16 MP: 4/4
   119 | D:1      | Reached skill level 6 in Ranged Weapons
   229 | D:1      | Reached XP level 3. HP: 20/20 MP: 5/5
   684 | D:1      | 684 ||| UPGRADING to +0 pair of boots.
   689 | D:1      | 689 ||| UPGRADING to +1 cloak.
   694 | D:1      | 694 ||| DROPPING +6 ring of intelligence.
   695 | D:1      | 695 ||| UPGRADING to ring of protection from cold.
   696 | D:1      | 696 ||| READING scroll labelled IDAWKAPLAL.
   697 | D:1      | 697 ||| READING scroll labelled LUJUDU GIACS.
   698 | D:1      | 698 ||| READING scroll labelled QEASUFF ESUDUE.
   702 | D:1      | 702 ||| READING 2 scrolls labelled DANURU ATUO.
   702 | D:1      | Identified 2 scrolls of acquirement
   702 | D:1      | 702 ||| ACQUIRING +1 helmet of Sloth {rF- Str+3 Int+4 SInv}
   702 | D:1      | Acquired the +1 helmet of Sloth {rF- Str+3 Int+4 SInv}
   704 | D:1      | 704 ||| UPGRADING to +1 helmet of Sloth {rF- Str+3 Int+4
                  | SInv}.
   709 | D:1      | 709 ||| READING scroll of acquirement.
   709 | D:1      | 709 ||| ACQUIRING ring of Ycuynol {Will- rCorr Int+5 Dex+6
                  | Slay+3}
   709 | D:1      | Acquired the ring of Ycuynol {Will- rCorr Int+5 Dex+6
                  | Slay+3}
   711 | D:1      | 711 ||| UPGRADING to ring of Ycuynol {Will- rCorr Int+5
                  | Dex+6 Slay+3}.
   712 | D:1      | 712 ||| DRINKING 2 emerald potions.
   713 | D:1      | 713 ||| DRINKING 2 bubbling clear potions.
   714 | D:1      | 714 ||| DROPPING scroll of butterflies.
   757 | D:2      | Identified the +2 hat of Utirph {rElec Int+8 Dex-5 SInv}
   760 | D:2      | Identified the +5 long sword "Piwear" {protect, Int+3}
   801 | D:2      | Reached skill level 7 in Ranged Weapons
   875 | D:2      | Found a radiant altar of Vehumet.
  1012 | D:2      | Reached skill level 3 in Dodging
  1067 | D:2      | Reached XP level 4. HP: 25/25 MP: 6/6
  1100 | D:2      | Noticed Robin
  1112 | D:2      | Killed Robin
  1408 | D:2      | 1408 ||| DROPPING +2 sling of flaming.
  1683 | D:2      | 1683 ||| READING scroll labelled IDGHOU MIPIK.
  1684 | D:2      | 1684 ||| READING scroll labelled YBEETZA FIAT.
  1685 | D:2      | 1685 ||| READING scroll labelled RAYSAMM EKKE.
  1686 | D:2      | 1686 ||| READING scroll labelled EMPUTU HO ANG.
  1687 | D:2      | 1687 ||| READING scroll labelled GEUGES GIADEEWA.
  1738 | D:3      | Noticed Ijyb
  1746 | D:3      | Killed Ijyb
  1748 | D:3      | Reached skill level 8 in Ranged Weapons
  1793 | D:3      | Reached XP level 5. HP: 29/29 MP: 7/7
  1813 | D:3      | Noticed Natasha
  1818 | D:3      | Killed Natasha
  1861 | D:3      | Noticed Natasha
  1867 | D:3      | Killed Natasha
  1947 | D:3      | Reached skill level 9 in Ranged Weapons
  2009 | D:3      | Noticed an ice beast
  2017 | D:3      | Killed an ice beast
  2018 | D:3      | Reached XP level 6. HP: 36/36 MP: 8/8
  2028 | D:3      | Noticed Natasha
  2033 | D:3      | Killed Natasha
  2232 | D:3      | 2232 ||| UPGRADING to +0 scale mail.
  2242 | D:3      | 2242 ||| DROPPING +0 leather armour.
  2243 | D:3      | 2243 ||| DRINKING 2 metallic clear potions.
  2279 | D:3      | 2279 ||| DRINKING 2 grey potions.
  2280 | D:3      | 2280 ||| DROPPING potion of lignification.
  2281 | D:3      | 2281 ||| DROPPING potion of attraction.
  2360 | D:4      | Reached skill level 1 in Armour
  2375 | D:4      | Noticed Pikel
  2388 | D:4      | HP: 6/36 [lemure[Pikel] (5)]
  2389 | D:4      | 2389 ||| READING 2 scrolls of teleportation.
  2389 | D:4      | Slain by Pikel

Levels and vault maps discovered:
D:1:      shiori_arrival_elements, layout_basic
D:2:      layout_basic, basic_altar, uniq_robin
D:3:      layout_rooms, nrook_loot_triangle, uniq_natasha, uniq_ijyb
D:4:      layout_basic, gammafunk_temple_overflow_forgotten, uniq_pikel

Skill      XL: |  1  2  3  4  5  6 |
---------------+-------------------+-----
Ranged Weapons | 6 7 8 9 |  9.0
Dodging        | 3 |  3.6
Fighting       | 2 |  2.6
Armour         | 1 |  1.9
Stealth        | |  1.2

Action                     |  1- 3 |  4- 6 || total
---------------------------+-------+-------++-------
   Fire: Shortbow          |    95 |   115 ||   210
    Use: Scroll            |     5 |     6 ||    11
         Potion            |     2 |     2 ||     4
 Armour: Leather armour    |     5 |     9 ||    14
         Scale mail        |       |    15 ||    15
  Dodge: Dodged            |    18 |    23 ||    41

Table legend:
 A = Non-vault XP
 B = Vault XP
 C = Vault XP percentage of total XP
 D = Non-vault monster count
 E = Vault monster count
 F = Vault count percentage of total count
                 A         B        C        D         E       F
            +---------+---------+-------+---------+---------+-------
      Total |     527 |     106 |  16.7 |      69 |      13 |  15.9
            +---------+---------+-------+---------+---------+-------
        D:1 |      61 |       0 |   0.0 |      26 |       0 |   0.0
        D:2 |      50 |      35 |  41.2 |      17 |      11 |  39.3
        D:3 |     275 |      71 |  20.5 |      24 |       2 |   7.7
        D:4 |     141 |       0 |   0.0 |       2 |       0 |   0.0
            +---------+---------+-------+---------+---------+-------
